 Dungeon Crawl Stone Soup version 0.30-a0-553-g7fabdf1491 (webtiles) character file.

Game seed: 17298680444204460538

1563 oldriver the Covert (level 8, -18/81 HPs)
             Began as a Naga Artificer on Dec 27, 2022.
             Demolished by an ice devil (23 damage)
             ... summoned by a kobold demonologist
             ... on level 7 of the Dungeon.
             The game lasted 00:09:15 (7648 turns).

oldriver the Covert (Naga Artificer)                Turns: 7648, Time: 00:09:15

Health: -18/81     AC:  5    Str: 15    XL:     8   Next: 89%
Magic:  8/8        EV: 10    Int: 11    God:
Gold:   311        SH:  3    Dex: 14    Spells: 7/7 levels left

rFire   + . .      SeeInvis +    G - +1 hand axe (drain)
rCold   . . .      Faith    .    J - +0 buckler
rNeg    . . .      Spirit   .    b - +0 leather armour
rPois   +          Reflect  .    (no helmet)
rElec   .          Harm     .    p - +0 cloak
rCorr   +          Rampage  .    (no gloves)
Will    +....                    (no barding)
Stlth   ++++                     F - amulet of magic regeneration
HPRegen 0.33/turn                i - ring of protection from fire
MPRegen 0.51/turn                z - ring of resist corrosion

@: very slow
A: AC +2, large, see invisible, deformed body, poison resistance, slowness 2,
spit poison 1, naga tail 1
a: Spit Poison


You were on level 7 of the Dungeon.
You visited 1 branch of the dungeon, and saw 7 of its levels.

You collected 328 gold pieces.
You spent 17 gold pieces at shops.

Inventory:

Hand Weapons
 G - a +1 hand axe of draining (weapon)
Missiles
 a - 4 poisoned darts
Armour
 b - a +0 leather armour (worn)
 p - a +0 cloak (worn)
 J - a +0 buckler (worn)
Jewellery
 i - a ring of protection from fire (left hand)
 z - a ring of resist corrosion (right hand)
 F - an amulet of magic regeneration (around neck)
 H - an amulet of faith
Wands
 c - a wand of flame (26)
 d - a wand of charming (14)
 e - a wand of iceblast (3)
 s - a wand of light (7)
 u - a wand of roots (34)
 B - a wand of paralysis (10)
 I - a wand of digging (5)
Scrolls
 f - 3 scrolls of enchant weapon {unknown}
 h - 8 scrolls of identify {unknown}
 l - 3 scrolls of fear {unknown}
 o - 3 scrolls of immolation {unknown}
 x - a scroll of magic mapping {unknown}
 y - a scroll of vulnerability {unknown}
 A - a scroll of teleportation {unknown}
 C - 2 scrolls of fog {unknown}
 K - a scroll of blinking {unknown}
Potions
 g - 2 potions of haste {unknown}
 j - 3 potions of degeneration {unknown}
 k - 3 potions of lignification {unknown}
 m - 5 potions of might {unknown}
 n - a potion of resistance {unknown}
 q - a potion of mutation {unknown}
 r - 2 potions of invisibility {unknown}
 t - 3 potions of curing {unknown}
 v - a potion of flight {unknown}
 w - 4 potions of heal wounds {unknown}
 D - a potion of brilliance {unknown}
 E - a potion of attraction {unknown}


   Skills:
 + Level 7.7 Fighting
 - Level 3.0 Armour
 + Level 2.9 Dodging
 - Level 9.0 Stealth
 + Level 3.3 Evocations


You had 7 spell levels left.
You didn't know any spells.
Your spell library contained the following spells:

 Spells                   Type           Power      Damage    Failure   Level
 Freeze                   Ice            0%         1d3       50%         1
 Frozen Ramparts          Ice            0%         1d1       86%         3
 Hailstorm                Conj/Ice       0%         3d3       86%         3
 Stone Arrow              Conj/Erth      0%         3d7       86%         3
 Animate Armour           Summ/Erth      0%         N/A       99%         4
 Lehudib's Crystal Spear  Conj/Erth      0%         10d2      100%        8


Dungeon Overview and Level Annotations

Branches:
Dungeon (7/15)
 Temple: D:4-7

Altars:
Kikubaaqudgha
Okawaru
Sif Muna

Shops:
D:2 [   D:6 (

Annotations:
D:6 1 runed translucent door, Crazy Yiuf


Innate Abilities, Weirdness & Mutations

Your serpentine skin is tough. (AC +2)
You have supernaturally acute eyesight. (SInv)
Armour fits poorly on your strangely shaped body.
Your system is resistant to poisons. (rPois)
You cover ground very slowly.
You can spit poison.
You have a snake-like lower body.


Message History

You resist with significant effort.
You hit the kobold demonologist. You drain the kobold demonologist.
The kobold demonologist is moderately wounded.
You hit the shadow imp. You hit the white imp. The white imp gestures at you.
The puff of frost hits you. You block the shadow imp's attack.
The kobold demonologist mumbles some strange words.
The white imp gestures at you. The puff of frost hits you!
You closely miss the kobold demonologist.
The kobold demonologist is moderately wounded.
You barely miss the shadow imp. You hit the white imp.
The shadow imp hits you but does no damage.
The white imp gestures at you. The puff of frost hits you!
The kobold demonologist hits you with a +0 dagger.
You hit the kobold demonologist.
The kobold demonologist is heavily wounded.
You hit the shadow imp. You hit the white imp.
You hit the ice devil but do no damage. The shadow imp closely misses you.
The kobold demonologist hits you with a +0 dagger.
The white imp hits you. The white imp freezes you. The ice devil hits you!
The ice devil freezes you! The white imp gestures at you.
The puff of frost hits you.
* * * LOW HITPOINT WARNING * * *
You block the shadow imp's attack.
The kobold demonologist gestures wildly while chanting.
The white imp gestures at you. The puff of frost hits you!
* * * LOW HITPOINT WARNING * * *
Unknown command.
You barely miss the kobold demonologist.
The kobold demonologist is heavily wounded.
You hit the white imp but do no damage. You hit the shadow imp.
You hit the white imp but do no damage. You hit the ice devil.
The ice devil hits you!
* * * LOW HITPOINT WARNING * * *
The ice devil freezes you!!
You die...

.#.......#.....
..............##
.#.#.#.#.#[#....
............#
#.........#
.##.#[......# .
....#..3)...#..
#....[K5......
####.4@5...#..
#..)5......
#...###++##
#####


You could see an ice devil (summoned), a kobold demonologist (drained), a
ynoxinul (summoned), 2 white imps and a shadow imp (summoned).

Vanquished Creatures
  Sigmund (D:2)
  A water moccasin (D:6)
  An orc warrior (D:6)
  A sky beast (D:6)
  A black bear (D:6)
  2 centaurs
  A phantom (D:5)
  2 scorpions (D:5)
  A howler monkey (D:5)
  6 hounds
  2 jellies
  2 orc priests (D:6)
  Jessica (D:2)
  An orc wizard (D:7)
  Natasha (D:2)
  2 iguanas (D:5)
  4 gnolls (D:7)
  9 adders
  A white imp (D:6)
  4 ufetubi
  4 dart slugs
  6 orcs
  4 ball pythons
  8 endoplasms
  4 giant cockroaches (D:4)
  8 goblins
  4 hobgoblins
  6 jackals
  3 quokkas
  3 bats
  5 frilled lizards
  3 kobolds
  7 rats
109 creatures vanquished.

Vanquished Creatures (others)
  An ice beast (D:6)
1 creature vanquished.

Grand Total: 110 creatures vanquished

Notes
Turn   | Place    | Note
-------+----------+-------------------------------------------
     0 | D:1      | oldriver the Naga Artificer began the quest for the Orb.
     0 | D:1      | Reached XP level 1. HP: 18/18 MP: 1/1
   204 | D:1      | Reached skill level 2 in Stealth
   308 | D:1      | Reached XP level 2. HP: 25/25 MP: 2/2
   588 | D:1      | Reached skill level 3 in Stealth
   873 | D:2      | Reached XP level 3. HP: 30/32 MP: 3/3
   924 | D:2      | Found a faded altar of an unknown god.
  1053 | D:2      | Found Roserr's Antique Armour Emporium.
  1221 | D:2      | Noticed Jessica
  1223 | D:2      | Noticed Sigmund
  1226 | D:2      | Killed Sigmund
  1227 | D:2      | Reached skill level 6 in Stealth
  1227 | D:2      | Reached XP level 4. HP: 40/44 MP: 4/4
  1227 | D:2      | Reached XP level 5. HP: 46/50 MP: 5/5
  1229 | D:2      | Killed Jessica
  1506 | D:2      | Identified the +8 mace "Ruduf" {freeze, Fly rF- SInv}
  1552 | D:2      | Noticed Natasha
  1582 | D:2      | Reached XP level 6. HP: 42/57 MP: 6/6
  1840 | D:2      | Killed Natasha
  2261 | D:3      | Found an ancient bone altar of Kikubaaqudgha.
  2475 | D:3      | Reached skill level 7 in Stealth
  3159 | D:4      | Found an iron altar of Okawaru.
  3465 | D:5      | Entered Level 5 of the Dungeon
  3620 | D:5      | Reached skill level 8 in Stealth
  3620 | D:5      | Reached XP level 7. HP: 12/66 MP: 7/7
  3976 | D:5      | Found a shimmering blue altar of Sif Muna.
  4109 | D:5      | Reached skill level 5 in Fighting
  4123 | D:5      | Reached skill level 9 in Stealth
  5214 | D:6      | Reached XP level 8. HP: 74/78 MP: 8/8
  5469 | D:6      | Reached skill level 1 in Dodging
  5516 | D:6      | Found Xofo's Weapon Shop.
  5524 | D:6      | Bought 4 poisoned darts for 17 gold pieces
  6773 | D:6      | Found a runed translucent door.
  6774 | D:6      | Noticed Crazy Yiuf
  7586 | D:7      | Noticed a kobold demonologist
  7646 | D:7      | Noticed an ice devil
  7648 | D:7      | Noticed a ynoxinul
  7648 | D:7      | Demolished by an ice devil

Illustrated notes

Levels and vault maps discovered:
D:1:      dpeg_arrival_windows_large_door, layout_basic
D:2:      layout_basic, serial_shops, shop, shapermc_ecumenical_altar_venn,
          uniq_jessica, uniq_sigmund, uniq_natasha
D:3:      layout_basic, kiku_gazebo_pond_becter
D:4:      layout_loops_ring, okawaru_metal_pillars_1_2
D:5:      minmay_skewed_foursquare, layout_cave_pools,
          nicolae_sif_muna_condensation, kennysheep_generic_room_3
D:6:      layout_loops_corners, serial_shops,
          nicolae_shop_temple_entry_statues_fountains, uniq_crazy_yiuf_cottage
D:7:      layout_rooms, mainiacjoe_overflow_cross_hatched,
          mainiacjoe_overflow_alcove_1, minmay_temple_entry_glass,
          kennysheep_generic_room_12

Skill      XL: |  1  2  3  4  5  6  7  8 |
---------------+-------------------------+-----
Stealth        | 2 3 6 8 9 |  9.0
Fighting       | 2 3 4 6 7 |  7.7
Dodging        | 2 |  2.9
Armour         | 3 |  3.0
Evocations     | |  3.3

Action                   |  1- 3 |  4- 6 |  7- 9 || total
-------------------------+-------+-------+-------++-------
Melee: Club              |    64 |    99 |    82 ||   245
       Punch             |     1 |       |     2 ||     3
       Hand axe          |       |       |   122 ||   122
 Abil: Spit Poison       |    25 |    48 |    36 ||   109
Evoke: Wand              |     3 |     6 |    12 ||    21
 Stab: Paralysed         |       |     5 |     7 ||    12
       Sleeping          |       |       |     2 ||     2
Armor: Leather armour    |    23 |    54 |   124 ||   201
Dodge: Dodged            |    43 |    77 |   175 ||   295
Block: Buckler           |       |       |    12 ||    12

Table legend: (Time is in decaauts)
 A = Elapsed time spent in this place.
 B = Non-inter-level travel time spent in this place.
 C = Inter-level travel time spent in this place.
 D = Time resting spent in this place.
 E = Time spent auto-exploring this place.
 F = Levels seen in this place.
 G = Mean time per level.
                   A        B        C        D        E       F      G
               +--------+--------+--------+--------+--------+-----+--------+
         Total |   9377 |   8894 |    483 |   2341 |   5004 |   7 | 1339.6 |
       Dungeon |   9377 |   8894 |    483 |   2341 |   5004 |   7 | 1339.6 |
               +--------+--------+--------+--------+--------+-----+--------+

Top non-repeatable levels by time:
     D:6: 2746 daAuts
     D:5: 1863 daAuts
     D:2: 1391 daAuts
     D:4: 1270 daAuts
     D:1: 1062 daAuts
     D:3: 979 daAuts
     D:7: 63 daAuts
